 Dungeon Crawl Stone Soup version 0.18.1-50-g88ac8fd (webtiles) character file.

68 Gargoyl the Skirmisher (level 4, 7/37 HPs)
             Began as a Demonspawn Abyssal Knight on Sept 28, 2016.
             Was a Believer of Lugonu.
             Quit the game on level 2 of the Dungeon.
             The game lasted 00:02:28 (1366 turns).

Gargoyl the Skirmisher (Demonspawn Abyssal Knight)  Turns: 1366, Time: 00:02:29

Health: 7/37       AC:  8    Str: 11    XL:     4   Next: 1%
Magic:  6/6        EV:  5    Int: 17    God:    Lugonu [**....]
Gold:   129        SH:  0    Dex: 13    Spells: 0 memorised, 3 levels left

rFire  . . .     SeeInvis .     a - +1 hand axe
rCold  . . .     Gourm    .     g - +0 chain mail of the Chupacabra {-Cast MR+ rCorr Int+4} (curse)
rNeg   . . .     Faith    .     (no shield)
rPois  .         Spirit   +     (no helmet)
rElec  .         Dismiss  .     (no cloak)
rCorr  +         Reflect  .     (no gloves)
SustAt .         Harm     .     (no boots)
MR     +....     NoCast   +     (no amulet)
Stlth  ..........               (no ring)
                                (no ring)

@: somewhat resistant to hostile enchantments, extremely unstealthy
A: powered by pain 1, weak 1, magic shield
a: Depart the Abyss, Bend Space, Renounce Religion


You were on level 2 of the Dungeon.
You worshipped Lugonu.
Lugonu was pleased with you.
You were hungry.

You visited 1 branch of the dungeon, and saw 2 of its levels.
You visited the Abyss 1 time.

You collected 129 gold pieces.

Inventory:

Hand Weapons
 a - a +1 hand axe (weapon)
Armour
 b - a +0 leather armour
 g - the cursed +0 chain mail of the Chupacabra (worn) {-Cast MR+ rCorr Int+4}
   (You found it on level 2 of the Abyss)

   It affects your intelligence (+4).
   It affects your resistance to hostile enchantments.
   It prevents spellcasting.
   It protects you from acid and corrosion.
   It has a curse placed upon it.
Scrolls
 e - 3 scrolls of identify {unknown}
 h - 3 scrolls of remove curse {unknown}
 j - a scroll of enchant armour {unknown}
Potions
 d - 3 potions of haste {unknown}
 f - a potion of resistance {unknown}
 k - a potion of lignification {unknown}
Comestibles
 c - a bread ration
 i - a meat ration


   Skills:
 + Level 3.7 Fighting
 + Level 2.1 Axes
 * Level 2.5 Armour
 + Level 1.0 Dodging
 * Level 3.4 Invocations


You had 3 spell levels left.
You didn't know any spells.

Dungeon Overview and Level Annotations

Branches:
Dungeon (2/15)

Altars:


Innate Abilities, Weirdness & Mutations

You sometimes gain a little power by taking damage.
When hurt, damage is shared between your health and your magic reserves.
You are weak. (Str -2)


Message History

You hit the hobgoblin.
The hobgoblin is almost dead.
The hobgoblin hits you but does no damage.
You hit the hobgoblin.
You kill the hobgoblin!
Lugonu accepts your kill. The bat hits you but does no damage.
You see here a goblin corpse.
The bat hits you but does no damage.
A rat comes into view.
Things that are here:
a stone; a kobold corpse You hit the bat.
You kill the bat!
Lugonu accepts your kill.
You have reached level 4!
You feel agile.
Your demonic ancestry asserts itself...
You feel your magical essence form a protective shroud around your flesh.
The rat moves out of view.
Are you sure you want to abandon this character and quit the game? (Confirm with "yes".)

....# #...8.8.... ....#
....8.... ....# .......
....# ..... ....# ...
....# #.# .
....########## #.# ...
.#.#.........###†##.....
...........((...@.......
##.#.######(....†##.....
##.#.# #......# ....
..^#.######......# ...
##.......#.....[.# ..
#.#.....######### .
#.......# ##.......#
##.......#


There were no monsters in sight!

Vanquished Creatures
  An adder (D:2)
  An ooze (D:1)
  2 worms
  A dart slug (D:1)
  9 bats
  A giant cockroach (D:1)
  6 goblins
  4 hobgoblins
  3 jackals (D:1)
  7 kobolds
  2 quokkas
  3 giant newts
  4 rats
44 creatures vanquished.

Notes
Turn   | Place    | Note
--------------------------------------------------------------
     0 | Abyss:1  | Gargoyl the Demonspawn Abyssal Knight began the quest for the Orb.
     0 | Abyss:1  | Reached XP level 1. HP: 18/18 MP: 2/2
    43 | Abyss:2  | Noticed a neqoxec
    44 | Abyss:2  | Noticed an iron imp
    45 | Abyss:2  | Found a corrupted altar of Lugonu.
    56 | Abyss:2  | Gained mutation: You are weak. (Str -2) [a neqoxec]
    79 | Abyss:2  | Noticed a shadow
    81 | Abyss:2  | Got a crude chain mail
    82 | D:1      | Escaped the Abyss
    93 | D:1      | Identified the cursed +0 chain mail of the Chupacabra {-Cast MR+ rCorr Int+4} (You found it on level 2 of the Abyss)
   286 | D:1      | Gained mutation: You sometimes gain a little power by taking damage. [demonic ancestry]
   286 | D:1      | Reached XP level 2. HP: 24/24 MP: 3/3
   305 | D:1      | Reached * piety under Lugonu
   627 | D:1      | Reached XP level 3. HP: 29/29 MP: 5/5
  1088 | D:2      | Reached skill level 1 in Dodging
  1122 | D:2      | Reached ** piety under Lugonu
  1359 | D:2      | Found a faded altar to an unknown god.
  1365 | D:2      | Gained mutation: When hurt, damage is shared between your health and your magic reserves. [demonic ancestry]
  1365 | D:2      | Reached XP level 4. HP: 7/37 MP: 6/6
  1366 | D:2      | Quit the game

Skill      XL: |  1  2  3 |
---------------+----------+-----
Armour         | 2 |  2.5
Invocations    | 3 |  3.4
Axes           | 2 |  2.1
Dodging        | 1 |  1.0
Fighting       | |  3.7

Action                   |  1- 3 |  4- 6 || total
-------------------------+-------+-------++-------
Melee: Hand axe          |   142 |       ||   142
Invok: Depart the Abyss  |     1 |       ||     1
  Eat: Chunk             |     1 |       ||     1
Armor: Chain mail        |   148 |       ||   148
Dodge: Dodged            |    64 |       ||    64
